 Seeded DCSS version 0.30.1-4-g462c640d31 (webtiles) character file.

Game seed: 6351066067085065685 (custom seed)

186602 Esekla the Sorcerer (level 17, -13/106 HPs)
             Began as a Deep Elf Necromancer on Aug 18, 2023.
             Was the Champion of Vehumet.
             Shot with an arrow by a satyr (35 damage)
             ... on level 4 of the Shoals.
             The game lasted 03:50:35 (28286 turns).

Esekla the Sorcerer (Deep Elf Necromancer)         Turns: 28286, Time: 03:50:36

Health: -13/106    AC: 15    Str:  8    XL:     17   Next: 43%
Magic:  40/44      EV: 18    Int: 37    God:    Vehumet [******]
Gold:   2683       SH:  0    Dex: 15    Spells: 3/59 levels left

rFire   + . .        a - +12 pair of quick blades "Gyre" and "Gimble" {protect}
rCold   + + .        (shield currently unavailable)
rNeg    . . .        y - +0 troll leather armour
rPois   +            T - +2 helmet {Int+3}
rElec   .            N - +1 cloak
rCorr   .            Y - +2 pair of gloves "Seteklek" {rF+ rC+}
SInv    .            P - +1 pair of boots of Piysunuo {Str+3}
Will    +....        B - amulet of magic regeneration
Stlth   ++           V - ring of Descent {rPois rC+ Int+5 Stlth-}
HPRegen 1.17/turn    R - ring of the Mage {Wiz Archmagi}
MPRegen 0.69/turn

%: wizardry (x1), archmagi
@: afraid, wereblooded, radiating poison
A: no striking features
}: 1/15 runes: gossamer
a: Renounce Religion


You were on level 4 of the Shoals.
You worshipped Vehumet.
Vehumet was exalted by your worship.
You visited 6 branches of the dungeon, and saw 29 of its levels.
You also visited: Trove and Bailey.

You collected 5951 gold pieces.
You spent 3268 gold pieces at shops.

Inventory:

Hand Weapons
 a - the +12 pair of quick blades "Gyre" and "Gimble" (weapon) {protect}
   (You found it in a treasure trove)
 c - a +5 scimitar
 e - the +8 arc blade {discharge, rElec}
   (You bought it in a shop on level 4 of the Dungeon)

   rElec:     It insulates you from electricity.
 l - a +4 scimitar of flaming
 r - a +4 trident of venom
 W - a +2 demon blade of electrocution
Missiles
 t - 67 poisoned darts
 u - 7 curare-tipped darts
 K - 20 boomerangs (quivered)
Armour
 y - a +0 troll leather armour (worn)
 N - a +1 cloak (worn)
 O - the +1 animal skin "Kougi" {rPois rF++ MP+9}
   (You found it on level 2 of the Shoals)

   rF:        It greatly protects you from fire.
   rPois:     It protects you from poison.
   MP:        It affects your magic capacity (+9).
 P - the +1 pair of boots of Piysunuo (worn) {Str+3}
   (You found it on level 1 of the Spider Nest)

   Str:       It affects your strength (+3).
 S - a +2 robe of cold resistance
 T - a +2 helmet of intelligence (worn)
 X - a scarf of repulsion
 Y - the +2 pair of gloves "Seteklek" (worn) {rF+ rC+}
   (You found it in a treasure trove)

   rF:        It protects you from fire.
   rC:        It protects you from cold.
Jewellery
 s - a ring of ice
 v - an amulet of reflection
 B - an amulet of magic regeneration (around neck)
 L - a ring of see invisible
 M - a ring of magical power
 R - the ring of the Mage (right hand) {Wiz Archmagi}
   (You bought it in a shop on level 2 of the Dungeon)

   [ring of wizardry]

   It improves your spell success rate.
   Archmagi:  It increases the power of your magical spells.
 U - the ring of Akemeir {Fire Str+4}
   (You found it in a treasure trove)

   [ring of fire]

   It enhances your fire magic.
   Str:       It affects your strength (+4).
   rF:        It protects you from fire.
   rC:        It makes you vulnerable to cold.
 V - the ring of Descent (left hand) {rPois rC+ Int+5 Stlth-}
   (You found it in a treasure trove)

   [ring of protection from cold]

   Int:       It affects your intelligence (+5).
   rC:        It protects you from cold.
   rPois:     It protects you from poison.
   Stlth:     It makes you less stealthy.
Wands
 g - a wand of roots (34)
 h - a wand of digging (9)
 D - a wand of flame (34)
 G - a wand of quicksilver (3)
 J - a wand of mindburst (8)
Scrolls
 m - 6 scrolls of fear
 n - 5 scrolls of blinking
 p - 4 scrolls of fog
 w - 5 scrolls of enchant armour
 x - 5 scrolls of enchant weapon
 z - 2 scrolls of silence
 A - 2 scrolls of magic mapping
 F - 10 scrolls of teleportation
 I - 3 scrolls of poison
Potions
 b - 5 potions of magic
 d - 6 potions of ambrosia
 f - 9 potions of haste
 i - 7 potions of curing
 j - 4 potions of flight
 k - 7 potions of attraction
 o - 6 potions of brilliance
 q - 3 potions of heal wounds
 C - 5 potions of lignification
 E - 3 potions of might
 H - 2 potions of resistance
 Q - 3 potions of cancellation


   Skills:
 * Level 11.7 Fighting
 + Level 5.3(5.5) Short Blades
 + Level 1.8(3.5) Long Blades
 + Level 2.1 Throwing
 - Level 4.0 Armour
 * Level 13.4 Dodging
 + Level 7.3 Stealth
 - Level 3.7 Shields
 * Level 21.8 Spellcasting
 + Level 4.9 Conjurations
 + Level 11.0 Necromancy
 + Level 8.2 Translocations
 + Level 5.0 Transmutations
 + Level 7.6 Fire Magic
 + Level 6.2 Ice Magic
 + Level 7.8 Air Magic
 * Level 9.7 Earth Magic
 + Level 8.5 Poison Magic
 + Level 0.8 Evocations


You had 3 spell levels left.
You knew the following spells:

 Your Spells              Type           Power      Damage    Failure   Level
b - Shock                 Conj/Air       100%       1d9       1%          1
c - Mephitic Cloud        Conj/Pois/Air  96%        N/A       1%          3
d - Vampiric Draining     Necr           100%       2d13      1%          3
e - Searing Ray           Conj           100%       2d8       1%          2
f - Fireball              Conj/Fire      46%        3d18      1%          5
i - Irradiate             Conj/Tmut      43%        3d26      1%          5
j - Arcjolt               Conj/Air       46%        1d56      1%          5
l - Conjure Ball Lightni  Conj/Air       46%        3x3d16    1%          6
n - Ignite Poison         Fire/Tmut/Pois 95%        N/A       1%          3
r - Frozen Ramparts       Ice            100%       1d16      1%          3
t - Teleport Other        Tloc           100%       N/A       1%          3
v - Poisonous Vapours     Pois/Air       100%       N/A       1%          2
w - Wereblood             Tmut           86%        N/A       1%          2
x - Olgreb's Toxic Radia  Pois           100%       N/A       1%          4
y - Sticky Flame          Conj/Fire      92%        2d10      1%          4
z - Freezing Cloud        Conj/Ice/Air   46%        6-21      1%          5

Your spell library contained the following spells:

 Spells                   Type           Power      Damage    Failure   Level
 Spellforged Servitor     Conj/Summ      36%        N/A       26%         7
 Necrotise                Necr           100%       1d9       0%          1
 Sublimation of Blood     Necr           100%       N/A       0%          2
 Foxfire                  Conj/Fire      100%       2x1d9     1%          1
 Sting                    Tmut/Pois      100%       1d8       1%          1
 Lesser Beckoning         Tloc           100%       N/A       1%          2
 Gell's Gravitas          Tloc           100%       N/A       1%          3
 Hailstorm                Conj/Ice       89%        3d18      1%          3
 Portal Projectile        Hex/Tloc       100%       N/A       1%          3
 Spider Form              Tmut/Pois      94%        N/A       1%          3
 Vhi's Electric Charge    Tloc/Air       100%       N/A       1%          3
 Animate Dead             Necr           100%       N/A       1%          4
 Manifold Assault         Tloc           100%       N/A       1%          4
 Passage of Golubria      Tloc           100%       N/A       1%          4
 Summon Ice Beast         Ice/Summ       76%        N/A       1%          4
 Agony                    Necr           100%       N/A       1%          5
 Iskenderun's Battlesphe  Conj           86%        2d13      1%          5
 Silence                  Hex/Air        40%        N/A       1%          5
 Dispersal                Tloc           50%        N/A       1%          6
 Plasma Beam              Fire/Air       49%        2x1d69    1%          6
 Starburst                Conj/Fire      46%        6d13      1%          6
 Cause Fear               Hex            28%        N/A       3%          4
 Summon Mana Viper        Hex/Summ       57%        N/A       11%         5
 Maxwell's Capacitive Co  Air            49%        ∞         24%         8
 Ignition                 Fire           49%        3d14      26%         8
 Lehudib's Crystal Spear  Conj/Erth      48%        10d12     28%         8
 Disjunction              Tloc           50%        N/A       58%         8
 Summon Hydra             Summ           28%        N/A       95%         7


Dungeon Overview and Level Annotations

Branches:
Dungeon (13/15)            Temple (1/1) D:6            Lair (5/5) D:11
 Shoals (4/4) Lair:2       Spider (4/4) Lair:3        Slime (0/5) Lair:5
    Orc (2/2) D:10            Elf (0/3) Orc:2        Bailey (visited)
 Vaults: D:13-14

Altars:
Cheibriados
Dithmenos
Fedhas
Hepliaklqana
Nemelex Xobeh
Okawaru
Qazlal
Ru
Trog
Uskayaw
Vehumet
Xom
Zin
The Shining One
Jiyva

Shops:
D:2 =   D:4 (   D:11 *   Orc:2 **[:   Shoals:2 (   Shoals:3 !

Portals:
Pandemonium: Orc:2


Message History

The satyr unwields a +0 quarterstaff.
The satyr wields a +1 longbow of freezing.
It is covered in frost.
The satyr shoots an arrow.
The arrow barely misses you.
A sea snake comes into view.
The satyr shoots an arrow.
The arrow hits you!
* * * LOW HITPOINT WARNING * * *
The satyr unwields a +0 spear.
The satyr wields a +0 longbow.
The satyr shoots an arrow.
The arrow closely misses you.
Casting: Olgreb's Toxic Radiance (safe; 1% risk of failure)
Confirm with . or Enter, or press ? or * to list all spells.
Okay, then.
You feel much better.
The sea snake is poisoned.
The satyr looks even sicker. x2
You are no longer terrified.
The satyr shoots an arrow.
The arrow hits you.
* * * LOW HITPOINT WARNING * * *
The satyr shoots an arrow.
The arrow completely misses you.
The satyr plays a frightful melody on his pipes!
The satyr radiates an aura of fear!
You are terrified of the satyr!
The merfolk throws a boomerang.
The boomerang barely misses you.
Casting: Olgreb's Toxic Radiance (safe; 1% risk of failure)
Confirm with . or Enter, or press ? or * to list all spells.
You feel a surge of power!
You ignite the poison in your surroundings!
The sea snake seems to burn from within!!
The sea snake is heavily wounded.
The satyr seems to burn from within!!
The satyr is heavily wounded.
The merfolk seems to burn from within!!
The merfolk is severely wounded.
The satyr seems to burn from within!!!
You kill the satyr!
Vehumet accepts your kill.
You feel your power returning.
The satyr seems to burn from within.
The satyr is lightly wounded.
The sea snake is poisoned.
The satyr is poisoned. x2; The merfolk is poisoned.
The satyr shoots an arrow.
The arrow hits you!!
* * * LOW HITPOINT WARNING * * *
You feel much better.
The satyr shoots an arrow.
The arrow hits you!!
You die...

≈~).<....~##~~~.####.##
≈~P<.÷...~##^.~. .....##
≈~..##..~~##..~##.~...?.
≈÷..##.÷^~....~.#.......
≈~P..)...~~~~.~.#..~....
≈~...P.~.~~~~.~~#....)#
≈~.....~#.##~.))#..#.###
≈~.[..~##...##.†)..~~8?.
≈~.....+.....+.†@).S.~c.
≈~..P..#.~..##..8)).....
≈~...<.~#.#.#..~#°#..###
≈~..P....~+.....#.).(.#
≈~.......~....c##..§...#
≈~..##.P.~...~..#....))c
≈~..##...~....)##......#
≈~.......~.#.... .....#
≈~~..P)..~##~~.


You could see 3 satyrs and a sea snake (poisoned).

Vanquished Creatures
  Mara (Spider:4)
  Rupert (Lair:4)
  A kraken (Shoals:3)
  Ilsuiw (Shoals:3)
  9 emperor scorpions
  3 ghost moths
  2 orc warlords
  A broodmother (Spider:3)
  Azrael (Orc:2)
  2 spark wasps
  4 merfolk impalers
  4 fire dragons
  3 merfolk javelineers (Shoals:3)
  5 entropy weavers
  Harold (D:9)
  A demonspawn (Orc:2)
  4 merfolk aquamancers
  3 radroaches
  3 hydras
  5 satyrs
  3 jorogumos
  A catoblepas (Lair:5)
  An alligator snapping turtle (Shoals:3)
  4 merfolk avatars
  3 boulder beetles
  3 two-headed ogres
  2 orc high priests (Orc:2)
  2 pharaoh ants
  A sun moth (Spider:1)
  Lodul (D:11)
  11 sea snakes
  4 skysharks
  10 orb spiders
  Pikel (Temple)
  A swamp dragon (Lair:5)
  2 lindwurms (Lair:5)
  3 steelbarb worms
  21 harpies
  An oklob plant (Lair:5)
  An ugly thing (D:12)
  8 wolf spiders
  8 orc knights
  9 orc sorcerers (Orc:2)
  3 moths of wrath
  Joseph (D:7)
  17 manticores
  20 fauns
  6 merfolk sirens
  7 cyclopes
  2 black mambas
  6 water nymphs
  7 torpor snails
  2 gargoyles
  A smoke demon (Orc:2)
  9 elephants (Lair:5)
  3 demonic crawlers
  11 cane toads
  Psyche (D:11)
  3 rime drakes
  14 komodo dragons
  A kobold demonologist (D:9)
  A red devil (Orc:2)
  3 tyrant leeches (Lair:5)
  23 merfolk
  A polar bear (D:11)
  7 trolls
  11 hornets
  9 tarantellas
  2 wind drakes
  5 blink frogs (Lair:1)
  10 jumping spiders
  4 centaur simulacra (D:11)
  7 snapping turtles
  12 spriggans (Lair:3)
  A vampire (D:12)
  7 culicivoras
  A wraith (D:12)
  4 water elementals
  5 basilisks
  A chaos spawn (Orc:2)
  33 yaks
  3 fire elementals (Orc:2)
  3 steam dragons
  5 wyverns
  29 redbacks
  Menkaure (D:7)
  3 wargs
  2 acid dragons (Lair:5)
  6 ice beasts
  4 hell hounds (Orc:2)
  14 water moccasins
  2 swamp drakes (Lair:5)
  A sky beast (D:5)
  43 orc warriors
  2 black bears
  18 ogres
  2 centaurs
  3 boggarts (Lair:3)
  12 wolves
  A phantom (D:7)
  Blork the orc (D:6)
  4 kobold brigands
  4 gnoll sergeants
  An earth elemental (D:11)
  10 bullfrogs
  3 scorpions
  10 wights
  21 killer bees
  2 howler monkeys (D:10)
  An electric eel (D:11)
  2 quasits (D:8)
  3 gnoll boudas
  6 hounds
  A jelly (D:6)
  Crazy Yiuf (D:7)
  32 orc priests
  A sleepcap (D:5)
  7 iguanas
  12 hell rats
  14 orc wizards
  34 gnolls
  9 adders
  3 shadow imps (D:8)
  9 white imps
  4 ufetubi
  A worm (D:4)
  3 dart slugs
  94 orcs
  6 ball pythons
  3 endoplasms
  9 goblins
  7 hobgoblins
  A quokka (D:1)
  3 training dummies (Shoals:2)
  4 bats
  4 frilled lizards
  21 kobolds
  A rat (D:2)
  A butterfly (Lair:4)
  A tentacle (Shoals:3)
925 creatures vanquished.

Vanquished Creatures (collateral kills)
  A hornet (Lair:3)
1 creature vanquished.

Vanquished Creatures (others)
  An orc high priest (Orc:2)
  An orc (D:8)
  3 ball lightnings (Shoals:2)
  7 tentacles (Shoals:3)
12 creatures vanquished.

Grand Total: 938 creatures vanquished

Notes
Turn   | Place    | Note
-------+----------+-------------------------------------------
     0 | D:1      | Esekla the Deep Elf Necromancer began the quest for the
                  | Orb.
     0 | D:1      | Reached XP level 1. HP: 10/10 MP: 6/6
   356 | D:4      | Found a glowing silver altar of Zin.
   368 | D:4      | Found an iron altar of Okawaru.
   379 | D:4      | Found a radiant altar of Vehumet.
   383 | D:4      | Became a worshipper of Vehumet
   473 | D:3      | Reached skill level 5 in Necromancy
   493 | D:3      | Reached XP level 2. HP: 13/15 MP: 8/8
   602 | D:3      | Identified the +5 rapier of the Hero {heavy, rN+ Dex+3}
   648 | D:2      | Found Renulab's Jewellery Shop.
   844 | D:1      | Reached XP level 3. HP: 19/19 MP: 9/9
   848 | D:1      | Learned a level 3 spell: Vampiric Draining
  1167 | D:2      | Reached * piety under Vehumet
  1167 | D:2      | Offered knowledge of Shock by Vehumet.
  1170 | D:2      | Learned a level 1 spell: Shock
  1194 | D:2      | Found a faded altar of an unknown god.
  1217 | D:2      | Reached skill level 1 in Short Blades
  1217 | D:2      | Reached XP level 4. HP: 24/24 MP: 11/11
  1230 | D:2      | Noticed a black bear
  1237 | D:2      | Killed a black bear
  1238 | D:2      | Reached XP level 5. HP: 28/28 MP: 12/12
  1598 | D:3      | Reached skill level 4 in Spellcasting
  1809 | D:3      | Found a stormy altar of Qazlal.
  1855 | D:3      | Found a hazy altar of Hepliaklqana.
  1857 | D:3      | Found a bloodstained altar of Trog.
  2197 | D:4      | Found Ponaysk's Antique Weapon Boutique.
  2369 | D:4      | Found a glowing golden altar of the Shining One.
  2415 | D:4      | Reached XP level 6. HP: 31/32 MP: 10/14
  2985 | D:5      | Entered Level 5 of the Dungeon
  2993 | D:5      | Got the Parchment of the Lumpy Olives
  3010 | D:5      | Found a shadowy altar of Dithmenos.
  3047 | D:5      | Reached ** piety under Vehumet
  3091 | D:5      | Reached skill level 5 in Spellcasting
  3199 | D:5      | Offered knowledge of Searing Ray by Vehumet.
  3203 | D:5      | Learned a level 2 spell: Searing Ray
  3244 | D:5      | Reached XP level 7. HP: 36/36 MP: 17/17
  3476 | D:5      | Reached skill level 1 in Throwing
  3605 | D:5      | Reached skill level 6 in Spellcasting
  3605 | D:5      | Reached skill level 1 in Conjurations
  3939 | D:6      | Reached skill level 5 in Dodging
  4209 | D:6      | Reached XP level 8. HP: 38/41 MP: 17/20
  4213 | D:6      | Found a blossoming altar of Fedhas.
  4234 | D:6      | Reached skill level 5 in Stealth
  4234 | D:6      | Reached skill level 7 in Spellcasting
  4524 | D:6      | Found a staircase to the Ecumenical Temple.
  4588 | D:5      | Learned a level 3 spell: Teleport Other
  4596 | D:6      | Noticed Blork the orc
  4609 | D:6      | Killed Blork the orc
  4655 | D:6      | Offered knowledge of Poisonous Vapours by Vehumet.
  4659 | D:6      | Learned a level 2 spell: Poisonous Vapours
  4764 | D:6      | Noticed Pikel
  4841 | Temple   | Entered the Ecumenical Temple
  4848 | Temple   | Killed Pikel
  4849 | Temple   | Reached skill level 8 in Spellcasting
  4849 | Temple   | Reached skill level 1 in Translocations
  4849 | Temple   | Reached skill level 1 in Air Magic
  4849 | Temple   | Reached skill level 1 in Poison Magic
  5133 | D:7      | Reached XP level 9. HP: 41/45 MP: 19/23
  5200 | D:7      | Found a runed translucent door.
  5201 | D:7      | Noticed Crazy Yiuf
  5210 | D:7      | Killed Crazy Yiuf
  5375 | D:7      | Reached *** piety under Vehumet
  5411 | D:7      | Noticed Menkaure
  5422 | D:7      | Killed Menkaure
  5530 | D:7      | Reached skill level 1 in Shields
  5824 | D:7      | Noticed Joseph
  6030 | D:7      | Reached skill level 9 in Spellcasting
  6243 | D:8      | Offered knowledge of Frozen Ramparts by Vehumet.
  6251 | D:7      | Learned a level 3 spell: Frozen Ramparts
  6603 | D:8      | Reached skill level 1 in Ice Magic
  6759 | D:8      | Noticed a two-headed ogre
  6795 | D:8      | Killed a two-headed ogre
  6989 | D:8      | Found a hide-covered altar of Uskayaw.
  7008 | D:8      | Reached **** piety under Vehumet
  7012 | D:8      | Reached XP level 10. HP: 50/50 MP: 23/25
  7220 | D:7      | Killed Joseph
  7221 | D:7      | Reached skill level 10 in Spellcasting
  7331 | D:8      | Offered knowledge of Iskenderun's Battlesphere by Vehumet.
  7431 | D:8      | Learned a level 5 spell: Iskenderun's Battlesphere
  7509 | D:8      | Found a transporter.
  7510 | D:8      | Found a transporter.
  7527 | D:8      | Found a transporter.
  7527 | D:8      | Found a transporter.
  7801 | D:9      | Found a flagged portal.
  7816 | Bailey   | Entered a bailey
  7837 | Bailey   | Reached skill level 1 in Long Blades
  7972 | Bailey   | Identified the +2 bardiche of Puhoisos {heavy, rElec
                  | Stlth+}
  8150 | Bailey   | Noticed an orc knight
  8150 | Bailey   | Noticed an orc knight
  8359 | Bailey   | Killed an orc knight
  8430 | Bailey   | Killed an orc knight
  8431 | Bailey   | Reached skill level 1 in Fighting
  8688 | D:9      | Reached ***** piety under Vehumet
  8688 | D:9      | Offered knowledge of Arcjolt by Vehumet.
  8695 | D:9      | Learned a level 5 spell: Arcjolt
  8708 | D:9      | Reached skill level 11 in Spellcasting
  8832 | D:9      | Found a sparkling altar of Nemelex Xobeh.
  8885 | D:9      | Noticed a two-headed ogre
  8903 | D:9      | Killed a two-headed ogre
  9092 | D:9      | Noticed Harold
  9166 | D:9      | Killed Harold
  9167 | D:9      | Reached XP level 11. HP: 40/59 MP: 27/28
  9513 | D:10     | Entered Level 10 of the Dungeon
  9546 | D:10     | Found a staircase to the Orcish Mines.
  9570 | Orc:1    | Entered Level 1 of the Orcish Mines
  9572 | Orc:1    | Noticed an orc knight
  9626 | D:10     | Killed an orc knight
  9627 | D:10     | Reached skill level 12 in Spellcasting
 10505 | D:9      | Reached skill level 10 in Necromancy
 10680 | D:2      | Bought the ring of the Mage {Wiz Archmagi} for 714 gold
                  | pieces
 10680 | D:2      | Found the ring of the Mage {Wiz Archmagi}
 11069 | D:10     | You fall into a shaft and drop 3 floors!
 11161 | D:12     | Learned a level 3 spell: Mephitic Cloud
 11167 | D:12     | Learned a level 5 spell: Freezing Cloud
 11192 | D:12     | Found a portal to a secret trove of treasure.
 11199 | D:12     | Reached skill level 1 in Earth Magic
 11410 | D:12     | Learned a level 5 spell: Fireball
 11481 | Trove    | Entered a treasure trove
 11486 | Trove    | Found the +8 mithril axe "Arga" {speed, Will+}
 11486 | Trove    | Found the +12 pair of quick blades "Gyre" and "Gimble"
                  | {protect}
 11490 | Trove    | Identified the ring of Akemeir {Fire Str+4}
 11493 | Trove    | Identified the ring of Descent {rPois rC+ Int+5 Stlth-}
 11505 | Trove    | Identified the +3 ring mail "Poady" {+Inv rF+ Dex+2 Slay-4}
 11512 | Trove    | Identified the +2 pair of gloves "Seteklek" {rF+ rC+}
 11791 | D:12     | Reached skill level 13 in Spellcasting
 11791 | D:12     | Reached skill level 5 in Translocations
 11817 | D:12     | Learned a level 2 spell: Wereblood
 12159 | D:12     | Noticed a red ugly thing
 12171 | D:12     | Killed a red ugly thing
 12486 | D:11     | Reached skill level 5 in Fighting
 12498 | D:11     | Noticed a two-headed ogre
 12512 | D:11     | Reached XP level 12. HP: 68/68 MP: 29/31
 12513 | D:11     | Killed a two-headed ogre
 12514 | D:11     | Reached skill level 1 in Fire Magic
 12587 | D:10     | Found a sacrificial altar of Ru.
 13105 | D:11     | Noticed Lodul
 13117 | D:11     | Reached skill level 14 in Spellcasting
 13117 | D:11     | Killed Lodul
 13134 | D:11     | Noticed Psyche
 13144 | D:11     | Killed Psyche
 13147 | D:11     | Reached skill level 5 in Air Magic
 13279 | D:11     | Found Fagafuf's Pet Rocks.
 13401 | D:11     | Found a staircase to the Lair.
 13521 | D:11     | Got Simple Magic
 13757 | Lair:1   | Entered Level 1 of the Lair of Beasts
 14129 | Lair:1   | Reached skill level 1 in Armour
 14715 | Lair:2   | Found a staircase to the Shoals.
 15095 | Lair:2   | Reached XP level 13. HP: 73/74 MP: 33/33
 15165 | Lair:2   | Found a transporter.
 15167 | Lair:2   | Found a transporter.
 15190 | Lair:2   | Reached skill level 5 in Poison Magic
 15429 | Lair:2   | Reached skill level 15 in Spellcasting
 15774 | Lair:3   | Found a hole to the Spider Nest.
 15901 | Lair:3   | Identified the +3 leather armour of Okawaru's Inspiration
                  | {Str+4}
 16186 | Lair:3   | Reached skill level 5 in Ice Magic
 16436 | Lair:4   | Reached skill level 10 in Dodging
 16507 | Lair:4   | Noticed Rupert
 16607 | Lair:4   | Killed Rupert
 16821 | Lair:4   | Learned a level 3 spell: Ignite Poison
 16872 | Lair:4   | Learned a level 4 spell: Sticky Flame
 17413 | Lair:5   | Entered Level 5 of the Lair of Beasts
 17444 | Lair:5   | Reached skill level 5 in Earth Magic
 17507 | Lair:5   | Found a viscous altar of Jiyva.
 17508 | Lair:5   | Found a staircase to the Slime Pits.
 17548 | Lair:5   | Reached skill level 16 in Spellcasting
 17548 | Lair:5   | Reached skill level 5 in Fire Magic
 17555 | Lair:5   | Found a runed translucent door.
 17556 | Lair:5   | Noticed a fire dragon
 17602 | Lair:5   | Reached XP level 14. HP: 67/82 MP: 36/36
 17793 | Lair:5   | Reached skill level 1 in Transmutations
 18696 | Lair:5   | Got Utragud's Papyrus of the Inquisitive Olives
 18849 | Spider:1 | Entered Level 1 of the Spider Nest
 18884 | Spider:1 | Identified the +1 pair of boots of Piysunuo {Str+3}
 18953 | Spider:1 | Offered knowledge of Yara's Violent Unravelling by Vehumet.
 19102 | Orc:2    | Entered Level 2 of the Orcish Mines
 19512 | Orc:2    | Noticed an orc warlord
 19531 | Orc:2    | Killed an orc warlord
 19620 | Orc:2    | Found a staircase to the Elven Halls.
 19841 | D:4      | Bought the +8 arc blade {discharge, rElec} for 1740 gold
                  | pieces
 19841 | D:4      | Found the +8 arc blade {discharge, rElec}
 20040 | Orc:1    | Noticed an orc warlord
 20099 | Orc:1    | Killed an orc warlord
 20099 | Orc:1    | Offered knowledge of Irradiate by Vehumet.
 20122 | Orc:2    | Learned a level 5 spell: Irradiate
 20345 | Orc:2    | Found Roezostra's General Store.
 20355 | Orc:2    | Reached skill level 17 in Spellcasting
 20359 | Orc:2    | Found Bamnuus's General Store.
 20497 | Orc:2    | Noticed Azrael
 20517 | Orc:2    | Killed Azrael
 20672 | Orc:2    | Reached XP level 15. HP: 89/89 MP: 33/38
 20696 | Orc:2    | Found Jyohez's Book Shop.
 20696 | Orc:2    | Found Huzal's Antique Armour Boutique.
 20697 | Orc:2    | Found a one-way gate leading to the halls of Pandemonium.
 20732 | Orc:2    | Bought a runed helmet for 270 gold pieces
 20749 | Orc:2    | Bought a Young Poisoner's Handbook for 300 gold pieces
 20778 | Orc:2    | Bought a scroll of identify for 34 gold pieces
 20805 | Orc:2    | Acquired 391 gold pieces
 20807 | Orc:2    | Acquired 526 gold pieces
 20809 | Orc:2    | Acquired 874 gold pieces
 21175 | Spider:1 | Reached skill level 18 in Spellcasting
 21306 | Spider:1 | Learned a level 4 spell: Olgreb's Toxic Radiance
 21868 | D:2      | Bought a ring of see invisible for 210 gold pieces
 22793 | Spider:3 | Noticed an emperor scorpion
 22807 | Spider:3 | Killed an emperor scorpion
 23135 | Spider:3 | Noticed an emperor scorpion
 23168 | Spider:3 | Killed an emperor scorpion
 23169 | Spider:3 | Reached skill level 5 in Short Blades
 23169 | Spider:3 | Reached skill level 19 in Spellcasting
 23736 | Spider:4 | Entered Level 4 of the Spider Nest
 23736 | Spider:4 | Noticed Mara
 23738 | Spider:4 | Noticed Esekla's illusion
 23760 | Spider:4 | Noticed an emperor scorpion
 23925 | Spider:4 | Killed Mara
 23978 | Spider:4 | Killed an emperor scorpion
 24542 | Spider:4 | Reached ****** piety under Vehumet
 24546 | Spider:4 | Noticed an emperor scorpion
 24551 | Spider:4 | Reached XP level 16. HP: 97/97 MP: 33/41
 24551 | Spider:4 | Offered knowledge of Conjure Ball Lightning by Vehumet.
 25512 | Spider:4 | Got a gossamer rune of Zot
 25563 | Spider:4 | Reached skill level 20 in Spellcasting
 25742 | Shoals:1 | Entered Level 1 of the Shoals
 25749 | Shoals:1 | Reached skill level 10 in Fighting
 26218 | Shoals:1 | Learned a level 6 spell: Conjure Ball Lightning
 26587 | Shoals:2 | Offered knowledge of Lee's Rapid Deconstruction by Vehumet.
 26872 | Shoals:2 | Reached skill level 21 in Spellcasting
 26872 | Shoals:2 | Found Biskeott's Firing Range.
 27445 | Shoals:3 | Noticed Ilsuiw
 27452 | Shoals:3 | Reached XP level 17. HP: 66/104 MP: 44/44
 27461 | Shoals:3 | Killed Ilsuiw
 27689 | Shoals:3 | Found Zemonaik's Distillery.
 27866 | Shoals:4 | Entered Level 4 of the Shoals
 28027 | Shoals:3 | Noticed a kraken
 28035 | Shoals:3 | Killed a kraken
 28123 | Shoals:2 | Offered knowledge of Spellforged Servitor by Vehumet.
 28199 | Shoals:2 | Identified the +1 animal skin "Kougi" {rPois rF++ MP+9}
 28262 | Shoals:4 | Reached skill level 5 in Transmutations
 28285 | Shoals:4 | HP: 3/106 [satyr/arrow (25)]
 28286 | Shoals:4 | Shot with an arrow by a satyr

Illustrated notes

Levels and vault maps discovered:
D:1:      sevenhm_arrival_forest_fort_small_3, layout_rooms,
          chequers_serial_rivers_room_b, minmay_misc_feat_five
D:2:      layout_loops_ring, dreamdust_ecumenical_altar_angels_and_demons,
          serial_shops, shop
D:3:      layout_basic, grunt_temple_overflow_open, minmay_misc_feat_iff
D:4:      layout_basic, nicolae_overflow_quartered_altars, serial_shops,
          nicolae_diamond_shop
D:5:      layout_loops_ring, lemuel_doored_altar, minmay_misc_feat_rows,
          dreamdust_wishing_well
D:6:      layout_loops_cross, fedhas_altar_fruit_tree,
          minmay_temple_entry_glass, uniq_pikel, uniq_blork_the_orc
D:7:      layout_basic, uniq_menkaure, uniq_joseph, uniq_crazy_yiuf_cottage
D:8:      layout_basic, nicolae_uskayaw_dance_hall, serial_demonic,
          serial_demonic_d, serial_demonic_a, serial_demonic_c,
          serial_demonic_c, nicolae_diode_quadrants
D:9:      layout_irregular_city, kennysheep_little_box, enter_bailey_4,
          minmay_between, uniq_harold
D:10:     layout_basic, nicolae_ru_awakened_eye
D:11:     layout_rooms, hellmonk_lair_entry_icy, serial_ice, serial_ice_j,
          serial_ice_m, serial_ice_o, serial_ice_c, serial_ice_g, serial_ice_f,
          guppyfry_shop_earth, uniq_psyche, uniq_lodul
D:12:     layout_roguey, nicolae_trove_entry_crossroad
D:13:     layout_loops_ring, lightli_vaults_fourway_checkpoint
Temple:   compressed_dpeg_circular_temple
Lair:1:   layout_small_grid
Lair:2:   gammafunk_boulding_lane, layout_small_grid, elwin_shoals_entry_rooms
Lair:3:   kb_forest_paths, layout_chaotic_city, spider_nest_entry_rubble
Lair:4:   layout_hall_layers, grunt_megastairs_3, lemuel_fruit_fields,
          uniq_rupert
Lair:5:   guppyfry_lair_end_dragon, layout_misc_corridors, wormcave,
          dpeg_slime_entry_enclosed
Shoals:1: layout_shoals, nicolae_shoals_nautilus_by_nature
Shoals:2: argonaut_golden_fleece, layout_shoals, nicolae_shop_firing_range
Shoals:3: layout_shoals, serial_shops, shop, nicolae_shoals_lost_giant_hut,
          uniq_ilsuiw
Shoals:4: shoals_end_hellmonk_lost_city, serial_shops
Spider:1: layout_spider_delve, nicolae_spider_some_kinda_spiderbox
Spider:2: layout_spider_delve, nicolae_spider_twisty_arc_passages
Spider:3: layout_chambers, nicolae_orb_stairs
Spider:4: grunt_spider_rune_circles, guppyfry_hornet_nest, uniq_mara
Orc:1:    layout_caves
Orc:2:    pf_orc_diabolical, layout_diamond_mine, uniq_azrael

Skill      XL: |  1  2  3  4  5  6  7  8  9 10 11 12 13 14 15 16 17 |
---------------+----------------------------------------------------+-----
Necromancy     | 5 6 7 8 9 10 11 | 11.0
Dodging        | 3 4 5 6 7 8 9 10 11 12 13 | 13.4
Stealth        | 3 4 5 6 7 |  7.3
Short Blades   | 1 2 3 4 5 |  5.3
Spellcasting   | 4 5 6 8 9 11 13 14 16 17 19 21 | 21.8
Throwing       | 1 2 |  2.1
Conjurations   | 1 2 3 4 |  4.9
Translocations | 1 3 4 5 6 7 8 |  8.2
Air Magic      | 1 3 4 5 6 7 |  7.8
Poison Magic   | 1 2 3 4 5 6 7 8 |  8.5
Shields        | 1 2 3 |  3.7
Ice Magic      | 2 3 4 5 6 |  6.2
Long Blades    | 1 |  1.8
Fighting       | 2 5 6 7 8 9 11 | 11.7
Earth Magic    | 2 3 5 6 8 9 |  9.7
Fire Magic     | 3 5 6 7 |  7.6
Armour         | 2 3 4 |  4.0
Transmutations | 2 3 4 5 |  5.0
Evocations     | |  0.8

Action                     |  1- 3 |  4- 6 |  7- 9 | 10-12 | 13-15 | 16-18 || total
---------------------------+-------+-------+-------+-------+-------+-------++-------
  Melee: Dagger            |    15 |   180 |    46 |       |       |       ||   241
         Short sword       |    12 |       |       |       |       |       ||    12
         Unarmed           |     9 |       |       |       |       |       ||     9
         Rapier            |    34 |     4 |     7 |     8 |     3 |       ||    56
         Punch             |       |     3 |     2 |       |       |       ||     5
         Scimitar          |       |       |    12 |    70 |       |       ||    82
         Pair of quick bla |       |       |       |   132 |   367 |   156 ||   655
  Throw: Dart              |     2 |    23 |    19 |    10 |       |       ||    54
         Boomerang         |       |       |       |     4 |    12 |     3 ||    19
   Cast: Vampiric Draining |     1 |    27 |    41 |    84 |    35 |    31 ||   219
         Searing Ray       |       |       |    48 |    41 |    12 |       ||   101
         Teleport Other    |       |       |     3 |     7 |       |       ||    10
         Poisonous Vapours |       |       |       |    93 |   216 |   104 ||   413
         Frozen Ramparts   |       |       |       |    36 |    42 |    14 ||    92
         Fireball          |       |       |       |    21 |       |     2 ||    23
         Arcjolt           |       |       |       |     3 |     2 |       ||     5
         Wereblood         |       |       |       |     8 |    37 |    12 ||    57
         Freezing Cloud    |       |       |       |     6 |    45 |    13 ||    64
         Mephitic Cloud    |       |       |       |     5 |    20 |     2 ||    27
         Ignite Poison     |       |       |       |       |    86 |    82 ||   168
         Sticky Flame      |       |       |       |       |    28 |    18 ||    46
         Olgreb's Toxic Ra |       |       |       |       |    10 |    21 ||    31
         Irradiate         |       |       |       |       |     9 |     6 ||    15
         Conjure Ball Ligh |       |       |       |       |       |     2 ||     2
  Evoke: Wand              |       |       |     2 |     1 |     3 |       ||     6
    Use: Scroll            |       |       |    11 |    11 |     9 |     1 ||    32
         Potion            |       |       |       |     2 |     4 |     4 ||    10
   Stab: Sleeping          |     5 |     3 |    11 |    11 |     7 |     3 ||    40
         Distracted        |     1 |     1 |       |       |     1 |     1 ||     4
         Confused          |       |       |       |     7 |    14 |       ||    21
 Armour: Robe              |    18 |    23 |    38 |    25 |       |       ||   104
         Steam dragon scal |       |       |       |    46 |       |       ||    46
         Troll leather arm |       |       |       |       |   162 |   164 ||   326
  Dodge: Dodged            |    52 |   102 |    84 |   250 |   313 |   268 ||  1069
  Block: Buckler           |       |       |    16 |    63 |       |       ||    79
